 Dungeon Crawl Stone Soup version 0.22-a0-587-g7d32d7c (webtiles) character file.

597 iamserjio the Chopper (level 7, 0/70 HPs)
             Began as a Halfling Berserker on July 4, 2018.
             Was a Believer of Trog.
             Slain by an ogre
             ... wielding a cursed +0 giant club
              (9 damage)
             ... on level 4 of the Dungeon.
             The game lasted 00:08:39 (848 turns).

iamserjio the Chopper (Halfling Berserker)           Turns: 848, Time: 00:08:40

Health: 0/70       AC:  6    Str: 25    XL:     7   Next: 68%
Magic:  0/7        EV: 15    Int:  5    God:    Trog [**....]
Gold:   93         SH:  0    Dex: 14    Spells: 6/6 levels left

rFire    . . .     SeeInvis .   p - +0 war axe
rCold    . . .     Gourm    .   (shield restricted)
rNeg     . . .     Faith    .   n - +0 ring mail
rPois    .         Spirit   +   (no helmet)
rElec    .         Reflect  .   i - scarf {Spirit}
rCorr    .         Harm     .   (no gloves)
MR       .....                  (no boots)
Stlth    ..........             (no amulet)
HPRegen  0.21/turn              (no ring)
MPRegen  0.10/turn              (no ring)

@: berserking, drained, very quick
A: small, mutation resistance 1
a: Berserk, Trog's Hand, Renounce Religion


You were on level 4 of the Dungeon.
You worshipped Trog.
Trog was pleased with you.
You were very hungry.

You visited 1 branch of the dungeon, and saw 4 of its levels.
You also visited: Sewer.

You collected 93 gold pieces.

Inventory:

Hand Weapons
 a - a +0 hand axe
 o - a +1 flail of holy wrath
 p - a +0 war axe (weapon)
 q - a +0 blowgun
Missiles
 v - 16 poisoned needles
Armour
 b - a +0 animal skin
 i - a scarf of spirit shield (worn)
 n - a +0 ring mail (worn)
 w - a cursed +0 pair of gloves
Jewellery
 g - an uncursed amulet of regeneration {unknown}
Scrolls
 d - a scroll of enchant weapon {unknown}
 e - a scroll of noise {unknown}
 h - a scroll of identify {unknown}
 j - a scroll of fog {unknown}
 k - 2 scrolls of remove curse {unknown}
 l - a scroll of magic mapping {unknown}
 m - 2 scrolls of blinking {unknown}
Potions
 r - 2 potions of mutation {unknown}
 s - a potion of heal wounds {unknown}
 t - a potion of invisibility {unknown}
 u - a potion of degeneration {unknown}
 x - a potion of agility {unknown}
Comestibles
 c - 4 rations
 f - 5 chunks of flesh


   Skills:
 + Level 3.9(3.8) Fighting
 * Level 5.3(5.2) Axes
 * Level 5.2(5.1) Armour
 + Level 4.0(3.9) Dodging


You had 6 spell levels left.
You didn't know any spells.
Your spell library was empty.

Dungeon Overview and Level Annotations

Branches:
Dungeon (4/15)
 Temple: D:4-7

Altars:
Kikubaaqudgha
Uskayaw


Innate Abilities, Weirdness & Mutations

You are small and have problems with some larger weapons.
You are somewhat resistant to further mutation.


Message History

x - a bubbling black potion The goblin zaps a wand.
The puff of flame hits you!
* * * LOW HITPOINT WARNING * * *
Okay, then.
You hit the goblin but do no damage. The goblin closely misses you.
The goblin hits you but does no damage.
A red film seems to cover your vision as you go berserk!
You feel yourself moving faster!
You feel mighty!
You are feeling hungry.
The goblin barely misses you.
You barely miss the goblin. The goblin hits you.
* * * LOW HITPOINT WARNING * * *
You slice the goblin!!
You kill the goblin!
Trog accepts your kill.
You are feeling very hungry.
You slash the ogre!
The ogre is heavily wounded.
The ogre hits you with a giant club!
You die...

#................# .
#................# ..#
#................#
....##
#................#
#...###...........>....#
#...##..............##
#..##.....#....).##
##.########.#.....##
#.@OW# #.#####..#
####.#####.###....#
#.....g...#.....
#######.......##
###.#...## #.....##
###..... #..... #.....


You could see a phantom and an ogre.

Vanquished Creatures
  A crocodile (Sewer)
  5 wights (D:4)
  A howler monkey (D:4)
  2 orc priests (D:4)
  An orc wizard (D:4)
  An iguana (D:4)
  2 worker ants (D:4)
  4 adders
  A river rat (D:3)
  An ooze (D:1)
  A worm (D:3)
  A dart slug (D:1)
  4 leopard geckos
  9 orcs
  4 bats
  5 giant cockroaches
  5 goblins
  3 hobgoblins
  8 jackals
  6 kobolds
  A ball python (D:4)
  4 frilled lizards
  A leopard gecko skeleton (D:4)
  2 rats (D:3)
73 creatures vanquished.

Vanquished Creatures (others)
  A human (D:2)
1 creature vanquished.

Grand Total: 74 creatures vanquished

Notes
Turn   | Place    | Note
-------+----------+-------------------------------------------
     0 | D:1      | iamserjio the Halfling Berserker began the quest for the Orb.
     0 | D:1      | Reached XP level 1. HP: 15/15 MP: 1/1
    69 | D:1      | Reached XP level 2. HP: 11/20 MP: 2/2
   116 | D:1      | Reached XP level 3. HP: 13/25 MP: 3/3
   164 | D:2      | Found an ancient bone altar of Kikubaaqudgha.
   166 | D:2      | Noticed a human
   167 | D:2      | Killed a human
   217 | D:2      | Reached XP level 4. HP: 12/31 MP: 4/4
   376 | D:3      | Reached ** piety under Trog
   447 | D:3      | Found a hide-covered altar of Uskayaw.
   493 | D:3      | Reached XP level 5. HP: 13/36 MP: 2/5
   534 | D:3      | Found a glowing drain.
   549 | Sewer    | Entered a sewer
   596 | Sewer    | Noticed a crocodile
   602 | Sewer    | Killed a crocodile
   705 | D:4      | Reached XP level 6. HP: 42/42 MP: 3/6
   779 | D:4      | Reached XP level 7. HP: 31/47 MP: 7/7
   797 | D:4      | Reached skill level 5 in Axes
   801 | D:4      | Reached skill level 5 in Armour
   848 | D:4      | Slain by an ogre

Vault maps used:
D:1:      kilobyte_arrival_exit_the_forest, minmay_tripent
D:2:      old_standard_altar, tgw_kikubaaqudgha, uniq_robin
D:3:      elyvilon_altar_1, old_standard_altar, gup_sewer_entry_bubbles,
          uniq_natasha, uniq_terence
D:4:      vehumet_altar_wand_db, serial_shops, nicolae_shop_crystal
Sewer:    sewer_the_crocodile

Skill      XL: |  1  2  3  4  5  6  7 |
---------------+----------------------+-----
Fighting       | 3 |  3.9
Armour         | 3 4 5 |  5.2
Dodging        | 3 4 |  4.0
Axes           | 4 5 |  5.3

Action                   |  1- 3 |  4- 6 |  7- 9 || total
-------------------------+-------+-------+-------++-------
Melee: Hand axe          |    53 |    56 |       ||   109
       War axe           |       |    70 |    28 ||    98
Invok: Berserk           |     3 |     3 |     2 ||     8
       Trog's Hand       |       |     3 |     1 ||     4
  Eat: Chunk             |       |     6 |     2 ||     8
Armor: Animal skin       |    12 |     1 |       ||    13
       Ring mail         |       |    30 |     5 ||    35
Dodge: Dodged            |    52 |   130 |    34 ||   216

Table legend:
 A = Spawn XP
 B = Non-spawn XP
 C = Spawn XP percentage of total XP
 D = Spawn monster count
 E = Non-spawn monster count
 F = Spawn count percentage of total count
 G = Total turns spent on level
                    A         B        C        D         E        F      G
               +---------+---------+-------+---------+---------+-------+---------
         Total |       0 |     853 |   0.0 |       0 |      73 |   0.0 |   848
               +---------+---------+-------+---------+---------+-------+---------
           D:1 |       0 |      37 |   0.0 |       0 |      16 |   0.0 |   142
           D:2 |       0 |      52 |   0.0 |       0 |       9 |   0.0 |   217
           D:3 |       0 |      72 |   0.0 |       0 |      21 |   0.0 |   236
           D:4 |       0 |     588 |   0.0 |       0 |      21 |   0.0 |   148
         Sewer |       0 |     104 |   0.0 |       0 |       6 |   0.0 |   105
               +---------+---------+-------+---------+---------+-------+---------
